Map: Ice and Chrome LE

Players

imbacile - Winner!

  • Race: Terran Terran
  • League: Diamond
  • Spawn Location: 7:00

Robodude

  • Race: Protoss Protoss
  • League: Platinum
  • Spawn Location: 1:00

VOD

Have the link to the VOD?

Description

Time

  • Played on: Sept. 12, 2020, 7:37 a.m.
  • Length: 15:27
Show
View Real Time Build Order
Export as new Build Order

imbacile Terran - Winner!

Build Orders:  

Get SALT Encoding   

  12  0:00  SCV  
  13  0:12  SCV  
  14  0:20  Supply Depot  
  14  0:24  SCV  
  15  0:41  SCV  
  16  0:43  Barracks  
  16  1:07  Barracks  
  16  1:22  SCV  
  17  1:26  Supply Depot  
  17  1:30  Marine  
  18  1:34  SCV  
  19  1:46  SCV  
  20  1:48  Marine  
  21  1:57  Marine  
  21  1:59  SCV  
  21  2:00  Command Center  
  23  2:04  Refinery  
  23  2:06  Refinery  
  23  2:11  SCV  
  23  2:12  Marine  
  25  2:15  Marine  
  25  2:21  Unknown  
  26  2:27  SCV  
  27  2:30  Marine  
  27  2:33  Marine  
  29  2:43  SCV  
  30  2:55  Bunker  
  30  3:03  Marine  
  31  3:09  Marine  
  31  3:15  Refinery  
  31  3:17  Orbital Command  
  31  3:20  Factory  
  31  3:32  Barracks Tech Lab x2  
  31  3:33  Orbital Command  
  31  3:47  Supply Depot  
  29  4:03  Marine x2  
  29  4:04  Factory Tech Lab  
  29  4:07  Starport  
  31  4:16  Bunker  
  29  4:21  Stimpack  
  29  4:27  Combat Shield  
  29  4:33  SCV  
  30  4:41  Siege Tank  
  31  4:54  Marine x2  
  31  4:57  Medivac  
  33  5:02  SCV x2  
  35  5:09  Engineering Bay  
  35  5:14  SCV x2  
  35  5:16  Marine  
  35  5:17  Marine  
  35  5:18  Siege Tank  
  42  5:26  SCV x2  
  44  5:39  Missile Turret, Ghost Academy, SCV x2  
  46  5:45  Missile Turret  
  46  5:50  Missile Turret, Marine  
  46  5:51  SCV  
  46  5:52  SCV  
  46  5:56  Supply Depot  
  49  6:03  SCV  
  43  6:13  Terran Infantry Weapons Level 1  
  43  6:15  Personal Cloaking  
  43  6:16  Marine x2  
  45  6:33  Missile Turret x2  
  45  6:34  Marine  
  46  6:44  Supply Depot, Medivac  
  50  6:54  Siege Tank  
  47  7:11  Missile Turret  
  47  7:12  Marine, Missile Turret  
  47  7:13  Supply Depot  
  48  7:27  Ghost, Ghost Academy  
  50  7:35  SCV x2  
  52  7:47  SCV  
  53  7:51  Engineering Bay  
  53  7:58  Marine x2  
  53  7:59  Medivac  
  53  8:00  Armory  
  53  8:01  Siege Tank  
  53  8:05  SCV  
  61  8:11  Supply Depot  
  61  8:13  SCV  
  61  8:17  Nuke, SCV  
  63  8:23  Nuke  
  63  8:24  Marine x2  
  65  8:37  Medivac  
  65  8:41  SCV x2  
  69  8:45  Siege Tank  
  72  8:53  SCV x2  
  72  8:55  Marine x2  
  74  9:05  SCV x2  
  73  9:13  Marine  
  73  9:14  Missile Turret  
  74  9:17  SCV x2  
  74  9:21  Ghost  
  74  9:23  Medivac  
  74  9:24  Siege Tank  
  83  9:29  SCV x2  
  83  9:31  Marine  
  86  9:36  Refinery  
  86  9:48  Terran Vehicle Weapons Level 1  
  86  10:02  Siege Tank, Marine, SCV x2  
  86  10:03  Command Center  
  92  10:09  Terran Infantry Weapons Level 2  
  92  10:14  SCV x2  
  94  10:39  Barracks  
  94  10:41  Barracks  
  94  10:42  Marine x2  
  94  10:43  Medivac, SCV  
  99  10:58  Supply Depot  
  99  10:59  Supply Depot  
  99  11:00  Marine x2  
  69  11:38  Marine  
  69  11:39  Marine, Medivac  
  70  11:40  Siege Tank  
  73  11:53  Barracks Tech Lab  
  73  11:54  Barracks Tech Lab  
  73  11:56  Marine x2  
  73  11:57  Barracks  
  73  12:01  Barracks  
  75  12:10  Starport Reactor  
  75  12:13  Siege Tank  
  78  12:23  Planetary Fortress  
  78  12:26  Refinery  
  78  12:28  Marine x2, Refinery  
  80  12:32  Missile Turret  
  80  12:34  Missile Turret  
  80  12:36  Marine x2  
  82  12:41  Terran Infantry Armor Level 1, Terran Infantry Weapons Level 3  
  82  12:44  Nuke  
  82  12:45  Marine  
  82  12:46  Marine  
  82  12:47  Nuke  
  84  12:54  Marine, Ghost  
  84  12:56  Marine x2  
  89  13:03  Marine, Concussive Shells, Ghost  
  92  13:12  Marine  
  93  13:14  Marine x2  
  95  13:22  Marauder  
  95  13:23  Marauder  
  99  13:29  Marine  
  99  13:31  SCV x2  
  99  13:32  Marine x3  
  99  13:33  Medivac  
  110  13:34  Siege Tank  
  110  13:43  Marine, SCV x2  
  110  13:44  Marine  
  110  13:47  Marine  
  115  13:49  Marine x2  
  115  13:50  Marine  
  115  13:51  SCV  
  115  13:55  SCV  
  120  13:56  SCV  
  120  14:00  Marine  
  120  14:02  Marine  
  123  14:03  SCV  
  123  14:05  Marine  
  123  14:07  Marine x2, Viking x2  
  123  14:08  Marine  
  132  14:18  Marine  
  133  14:27  Marine x5, SCV x3  
  141  14:42  Marine, SCV x2  
  141  14:45  Marine x4  
  141  14:53  Marine  
Show
View Real Time Build Order
Export as new Build Order

Robodude Protoss 

Build Orders: 1 Gate Expand 

Get SALT Encoding   

  12  0:00  Probe  
  13  0:12  Probe  
  14  0:19  Pylon  
  14  0:26  Probe  
  15  0:38  Gateway  
  15  0:40  Probe (Chrono Boost)  
  16  0:49  Assimilator  
  17  0:50  Probe (Chrono Boost)  
  17  0:55  Probe (Chrono Boost)  
  18  1:09  Probe  
  18  1:33  Cybernetics Core  
  18  1:39  Probe  
  19  1:40  Nexus  
  19  1:51  Probe (Chrono Boost)  
  20  1:54  Assimilator  
  20  2:05  Pylon  
  20  2:07  Probe (Chrono Boost)  
  21  2:12  Stalker (Chrono Boost)  
  23  2:23  Probe  
  23  2:28  Warp Gate (Chrono Boost), Robotics Facility  
  24  2:37  Probe  
  25  2:40  Gateway  
  25  2:49  Probe  
  25  2:51  Sentry (Chrono Boost)  
  28  2:53  Probe  
  29  3:01  Pylon  
  29  3:09  Probe x2  
  31  3:14  Stalker (Chrono Boost)  
  33  3:22  Shield Battery  
  32  3:29  Stalker  
  34  3:36  Shield Battery  
  32  4:00  Immortal (Chrono Boost)  
  30  4:08  Probe  
  35  4:20  Probe  
  36  4:25  Sentry  
  38  4:33  Probe  
  38  4:38  Pylon  
  39  4:41  Warp Prism  
  35  5:02  Probe  
  35  5:03  Nexus  
  36  5:10  Stalker x2  
  40  5:16  Probe  
  42  5:28  Probe  
  42  5:33  Immortal  
  46  5:40  Probe  
  47  5:45  Pylon  
  47  5:48  Pylon  
  47  6:03  Probe  
  48  6:14  Stalker x2  
  48  6:15  Probe  
  53  6:19  Probe  
  53  6:22  Immortal  
  58  6:31  Probe  
  59  6:36  Shield Battery  
  59  6:37  Sentry x2  
  64  7:01  Probe x2, Observer  
  64  7:02  Stalker  
  64  7:03  Stalker  
  70  7:13  Probe x2  
  72  7:17  Assimilator  
  76  7:22  Immortal  
  76  7:25  Probe  
  76  7:26  Probe  
  78  7:30  Twilight Council  
  78  7:34  Robotics Bay  
  78  7:45  Pylon  
  78  7:56  Assimilator  
  78  7:59  Pylon  
  78  8:01  Pylon  
  78  8:03  Probe x2  
  80  8:08  Charge  
  80  8:15  Probe  
  80  8:17  Probe  
  83  8:21  Stalker x2  
  83  8:26  Extended Thermal Lance  
  86  8:27  Probe  
  86  8:30  Probe  
  88  8:39  Probe  
  89  8:45  Zealot x2  
  89  8:48  Probe  
  94  8:51  Probe  
  94  8:53  Colossus  
  101  9:13  Probe  
  101  9:16  Nexus  
  102  9:21  Pylon  
  102  9:35  Pylon  
  102  9:39  Probe x2  
  102  9:41  Shield Battery  
  102  9:43  Pylon  
  102  9:44  Gateway  
  104  9:51  Probe  
  105  9:53  Colossus (Chrono Boost)  
  105  9:56  Zealot  
  105  9:57  Probe  
  114  10:06  Probe  
  115  10:09  Probe  
  116  10:20  Probe  
  117  10:21  Probe  
  118  10:31  Gateway x2  
  118  10:32  Probe  
  118  10:33  Probe  
  120  10:38  Probe  
  120  10:42  Colossus (Chrono Boost)  
  121  10:44  Probe, Templar Archives  
  121  10:47  Pylon  
  128  10:54  Stalker x2  
  93  11:14  Zealot  
  87  11:20  Zealot x2  
  82  11:25  Probe x2  
  82  11:26  Probe  
  83  11:37  Probe, Colossus (Chrono Boost)  
  83  11:38  Probe x2  
  86  11:43  High Templar x2  
  86  11:44  High Templar  
  98  11:49  Probe  
  98  11:50  Probe  
  98  11:52  Gateway  
  100  11:54  Gateway  
  100  11:55  Gateway  
  100  11:57  High Templar x2  
  100  11:58  Pylon  
  100  12:00  Assimilator  
  104  12:01  Pylon  
  104  12:03  Pylon  
  104  12:07  Assimilator  
  104  12:10  Pylon  
  104  12:17  Forge  
  104  12:23  Pylon  
  104  12:24  Forge  
  104  12:29  Probe x2  
  106  12:39  Colossus  
  106  12:40  Cybernetics Core  
  106  12:43  Pylon, Psionic Storm  
  112  12:44  High Templar  
  112  12:45  High Templar x3  
  112  12:46  Zealot, High Templar  
  124  13:03  Protoss Ground Armor Level 1 (Chrono Boost)  
  124  13:04  Nexus  
  124  13:10  Protoss Ground Weapons Level 1 (Chrono Boost)  
  124  13:14  Archon  
  124  13:15  Archon  
  124  13:17  Sentry  
  124  13:18  Zealot x5  
  136  13:26  Observer  
  136  13:30  Probe x2  
  136  13:32  Zealot, High Templar  
  136  13:33  Probe  
  144  13:35  Pylon  
  144  13:40  Pylon  
  144  13:42  Pylon, Probe  
  144  13:46  Photon Cannon  
  144  13:47  Observer  
  146  13:50  Photon Cannon  
  146  13:54  Photon Cannon  
  146  13:57  Archon, Photon Cannon  
  146  14:02  Sentry  
  146  14:03  Stalker, Sentry  
  146  14:04  Zealot x2  
  146  14:05  Zealot, High Templar  
  160  14:14  Gravitic Boosters  
  160  14:30  Stalker x2  
  160  14:31  Stalker x3  
  170  14:32  Stalker  
  172  14:41  Stalker x2  
  144  15:02  Probe x4  
  73  15:15  Zealot x2  
Tags
 
Add a new tag
Caveats
  • Supply blocks, unpowered buildings, or Contaminate may cause inaccurate times.
  • Supply counts are checked every 10 seconds.